 Dungeon Crawl Stone Soup version 0.24.0-29-g8ce449bc06 (webtiles) character file.

Game seed: 4986842541150751148, levelgen mode: deterministic

382 Flugslaktarn the Chopper (level 6, -12/56 HPs)
             Began as a Minotaur Fighter on Nov 14, 2019.
             Was an Initiate of Makhleb.
             Blown up by Pikel (32 damage)
             ... with a disintegration bolt
             ... on level 4 of the Dungeon.
             The game lasted 00:01:06 (2122 turns).

Flugslaktarn the Chopper (Minotaur Fighter)         Turns: 2122, Time: 00:01:07

Health: -12/56     AC:  9    Str: 22    XL:     6   Next: 47%
Magic:  5/5        EV:  6    Int:  5    God:    Makhleb [......]
Gold:   31         SH: 10    Dex: 10    Spells: 5/5 levels left

rFire    . . .     SeeInvis .   a - +0 war axe
rCold    . . .     Gourm    .   c - +0 shield
rNeg     . . .     Faith    .   j - +0 chain mail
rPois    .         Spirit   .   (helmet restricted)
rElec    .         Reflect  .   (no cloak)
rCorr    .         Harm     .   (no gloves)
MR       .....                  (no boots)
Stlth    ..........             (no amulet)
HPRegen  0.18/turn              (no ring)
MPRegen  0.09/turn              (no ring)

@: no status effects
A: retaliatory headbutt, horns 2
a: Renounce Religion


You were on level 4 of the Dungeon.
You worshipped Makhleb.
Makhleb was noncommittal.
You were not hungry.

You visited 2 branches of the dungeon, and saw 5 of its levels.

You collected 31 gold pieces.

Inventory:

Hand Weapons
 a - a +0 war axe (weapon)
Armour
 c - a +0 shield (worn)
 j - a +0 chain mail (worn)
   (You found it on level 2 of the Dungeon)
Jewellery
 k - an uncursed ring of fire {unknown}
   (You found it on level 2 of the Dungeon)
 n - a cursed ring of teleportation {unknown}
   (You found it on level 3 of the Dungeon)
Scrolls
 b - 2 scrolls of teleportation {unknown}
 h - a scroll of magic mapping {unknown}
 i - 2 scrolls of identify {unknown}
 l - a scroll of fog {unknown}
Potions
 d - 3 potions of might
 g - a potion of agility {unknown}
 m - a potion of curing {unknown}
 o - a potion of mutation {unknown}
 p - a potion of lignification {unknown}
Comestibles
 e - 3 rations


   Skills:
 + Level 5.1 Fighting
 * Level 5.5 Axes
 + Level 5.0 Armour
 + Level 5.0 Shields
 + Level 1.0 Invocations


You had 5 spell levels left.
You didn't know any spells.
Your spell library was empty.

Dungeon Overview and Level Annotations

Branches:
Dungeon (4/15)             Temple (1/1) D:4

Altars:
Ashenzari
Cheibriados
Dithmenos
Elyvilon
Fedhas
Gozag
Kikubaaqudgha
Makhleb
Nemelex Xobeh
Okawaru
Qazlal
Ru
Sif Muna
Trog
Uskayaw
Vehumet
Wu Jian
Xom
Yredelemnul
Zin
The Shining One

Annotations:
D:4 Pikel


Innate Abilities, Weirdness & Mutations

You reflexively headbutt those who attack you in melee.
You have a pair of horns on your head.


Message History

Your shield and chain mail prevent you from hitting Pikel.
Pikel is heavily wounded.
Pikel hits you with a +0 whip of electrocution.
You are too injured to fight recklessly!
You are too injured to fight recklessly!
You are too injured to fight recklessly!
You are too injured to fight recklessly!
You are too injured to fight recklessly!
You are too injured to fight recklessly!
You are too injured to fight recklessly!
You are too injured to fight recklessly!
You are too injured to fight recklessly!
You are too injured to fight recklessly!
You are too injured to fight recklessly!
You are too injured to fight recklessly!
You closely miss Pikel.
Pikel is heavily wounded.
Pikel zaps a wand.
You are blasted!
Ouch! That really hurt!
You die... ##.## #.........####...## +.........'.......# .........####...## ....... ###.#### ..p.. #......# ppp

#.#.##.# #K#
#.#....# #@#
#......# #####.####
######.# #........#
#.# #.#....#.# #.#
..........# #.#
##.#....#.# #.#
#.##..##.#########.#
#..................#
###################


You could see Pikel and 4 slaves.

Vanquished Creatures
  Menkaure (D:4)
  An orc priest (D:3)
  A bullfrog skeleton (D:4)
  2 worker ants (D:3)
  Natasha (twice) (D:4)
  2 adders (D:3)
  2 oozes
  2 worms (D:3)
  A leopard gecko (D:3)
  12 orcs
  A ball python (D:2)
  4 goblins
  6 hobgoblins
  9 jackals
  A quokka (D:4)
  A bat (D:2)
  A frilled lizard (D:2)
  2 kobolds
  3 rats
54 creatures vanquished.

Notes
Turn   | Place    | Note
-------+----------+-------------------------------------------
     0 | D:1      | Flugslaktarn the Minotaur Fighter began the quest for the
                  | Orb.
     0 | D:1      | Reached XP level 1. HP: 19/19 MP: 0/0
   297 | D:1      | Reached XP level 2. HP: 27/27 MP: 1/1
   456 | D:3      | Reached XP level 3. HP: 33/33 MP: 2/2
   663 | D:3      | Reached XP level 4. HP: 24/40 MP: 3/3
  1030 | D:3      | Reached XP level 5. HP: 17/47 MP: 4/4
  1328 | D:4      | Noticed Natasha
  1331 | D:4      | Killed Natasha
  1334 | D:4      | Found a staircase to the Ecumenical Temple.
  1415 | Temple   | Entered the Ecumenical Temple
  1522 | Temple   | Became a worshipper of Makhleb the Destroyer
  1751 | D:4      | Noticed Natasha
  1760 | D:4      | Killed Natasha
  1760 | D:4      | Reached skill level 5 in Axes
  1863 | D:4      | Noticed Menkaure
  1876 | D:4      | Killed Menkaure
  1876 | D:4      | Reached skill level 5 in Fighting
  1876 | D:4      | Reached skill level 5 in Armour
  1876 | D:4      | Reached skill level 5 in Shields
  1876 | D:4      | Reached skill level 1 in Invocations
  1876 | D:4      | Reached XP level 6. HP: 18/56 MP: 5/5
  2115 | D:4      | Noticed Pikel
  2115 | D:4      | Noticed a slave
  2115 | D:4      | Noticed a slave
  2115 | D:4      | Noticed a slave
  2115 | D:4      | Noticed a slave
  2122 | D:4      | Blown up by Pikel

Levels and vault maps discovered:
D:1:      evilmike_arrival_rings, layout_basic
D:2:      layout_rooms
D:3:      layout_loops_ring, first_ration
D:4:      layout_loops_corners, marbit_many_paths,
          minmay_temple_entry_mini_moons, serial_shops, shop, uniq_menkaure,
          uniq_natasha, uniq_pikel
Temple:   kilobyte_greek_temple

Skill      XL: |  1  2  3  4  5 |
---------------+----------------+-----
Axes           | 3 4 5 |  5.5
Fighting       | 4 5 |  5.1
Armour         | 4 5 |  5.0
Shields        | 4 5 |  5.0
Invocations    | 1 |  1.0

Action                   |  1- 3 |  4- 6 || total
-------------------------+-------+-------++-------
Melee: War axe           |    72 |    78 ||   150
       Headbutt          |     8 |    11 ||    19
  Eat: Chunk             |       |     4 ||     4
Armor: Scale mail        |     6 |       ||     6
       Chain mail        |    32 |    27 ||    59
Dodge: Dodged            |    12 |    17 ||    29
Block: Shield            |    38 |    32 ||    70
